Map: Orbital Shipyard

Players

lesha - Winner!

  • Race: Terran Terran
  • League: Gold

XxDiabloxX

  • Race: Terran Terran
  • League: Bronze

VOD

Have the link to the VOD?

Description

Time

  • Played on: Jan. 9, 2016, 9:24 p.m.
  • Length: 16:00
Show
View Real Time Build Order
Export as new Build Order

lesha Terran - Winner!

Build Orders: Reaper Expand, MMM Bio 

Get SALT Encoding   

  12  0:00  SCV  
  13  0:13  SCV  
  14  0:18  Supply Depot  
  14  0:25  SCV  
  15  0:40  SCV  
  15  0:41  Barracks  
  16  0:46  Refinery  
  16  0:53  SCV  
  17  1:05  SCV  
  18  1:17  SCV  
  19  1:28  Reaper  
  19  1:29  Orbital Command  
  20  1:42  Command Center  
  20  1:58  SCV  
  21  2:04  Barracks Reactor  
  21  2:10  SCV  
  22  2:21  Barracks  
  22  2:25  SCV  
  22  2:28  Factory  
  23  2:47  Supply Depot  
  23  2:48  Supply Depot  
  23  2:54  SCV, Orbital Command, Marine x2  
  26  3:06  SCV  
  27  3:19  SCV, Marine  
  28  3:20  Marine  
  28  3:24  SCV  
  31  3:35  SCV  
  31  3:36  Factory Tech Lab  
  31  3:37  Barracks Reactor  
  31  3:45  Starport  
  31  3:48  Marine  
  31  3:49  Marine  
  31  3:50  SCV x2, Barracks  
  31  3:54  Barracks  
  35  4:04  Supply Depot  
  35  4:05  Supply Depot  
  35  4:12  Marine x2  
  35  4:14  Marine x2  
  35  4:16  Factory Reactor  
  39  4:19  SCV x2  
  41  4:27  Engineering Bay  
  41  4:31  SCV x2  
  43  4:41  Marine x4  
  43  4:42  Barracks Tech Lab  
  43  4:43  SCV x2  
  49  4:46  Barracks Reactor  
  49  4:51  Starport Reactor  
  49  4:57  Widow Mine x2  
  53  5:05  Marine x4  
  58  5:07  SCV x2  
  59  5:15  Refinery  
  59  5:16  Refinery  
  59  5:18  Refinery  
  59  5:23  Stimpack  
  59  5:24  Marine x4  
  59  5:25  Marine x3  
  66  5:38  SCV x2  
  66  5:42  Marine x2  
  70  5:46  Command Center  
  70  5:47  Supply Depot  
  70  5:49  Supply Depot  
  70  6:09  SCV, Medivac x2, Marine x3  
  70  6:11  SCV, Marine x4  
  83  6:21  SCV  
  83  6:23  SCV  
  83  6:24  Supply Depot  
  83  6:25  Supply Depot  
  85  6:26  Supply Depot  
  85  6:27  Terran Infantry Weapons Level 1  
  85  6:29  Marine  
  85  6:32  Engineering Bay  
  86  6:45  Medivac, Marine x6  
  86  6:46  Marine  
  95  6:52  SCV x2  
  99  7:02  Medivac  
  99  7:03  Marine x5  
  99  7:04  Marine  
  105  7:10  Terran Infantry Armor Level 1  
  105  7:23  Combat Shields  
  105  7:28  Marine  
  105  7:29  Marine x2  
  110  7:30  Marauder  
  110  7:31  Medivac  
  112  7:39  SCV x2  
  114  7:51  Marine x4, Marauder  
  116  7:52  Marine x2  
  116  7:53  Medivac  
  124  8:00  Barracks  
  124  8:02  Barracks  
  124  8:07  Supply Depot, Barracks  
  124  8:08  Supply Depot  
  124  8:10  Supply Depot  
  124  8:12  Orbital Command  
  124  8:16  SCV  
  125  8:27  Armory  
  125  8:28  Medivac  
  125  8:29  SCV  
  87  9:31  Missile Turret  
  87  9:33  Missile Turret  
  87  9:34  Missile Turret  
  87  9:39  Missile Turret, Marine x7  
  87  9:41  Medivac x2  
  87  9:43  Missile Turret  
  87  9:44  Missile Turret  
  87  9:45  Barracks Tech Lab x2  
  98  9:46  Barracks Tech Lab  
  98  9:47  Missile Turret x2  
  98  9:49  Missile Turret  
  98  9:56  Marine x2  
  98  9:57  Marine x4  
  106  10:00  Marauder  
  106  10:03  Hellbat x2  
  110  10:09  SCV  
  110  10:10  SCV x2  
  110  10:13  Marine  
  116  10:14  Marine  
  116  10:16  Marauder x2  
  120  10:21  Command Center, SCV, Marauder  
  120  10:22  SCV  
  120  10:24  Marine x2  
  120  10:25  Marine x3  
  127  10:31  Marauder  
  127  10:32  Marine  
  130  10:37  Marauder x2  
  130  10:42  Marine x2  
  136  10:46  Missile Turret  
  119  11:07  Marine  
  119  11:08  Marine x4  
  119  11:09  Marine, Marauder x4  
  131  11:25  Marine x3  
  130  11:26  Marine  
  130  11:30  Marauder x3  
  138  11:38  Marine x3  
  140  11:40  Medivac x2  
  140  11:43  Marine x2  
  146  11:51  Missile Turret  
  146  11:52  Missile Turret, Marauder  
  148  11:54  Missile Turret  
  148  11:56  Refinery  
  148  11:57  SCV  
  148  11:58  Command Center, Refinery  
  148  11:59  Missile Turret  
  149  12:02  SCV x2, Marauder x3  
  149  12:03  Supply Depot  
  149  12:05  Supply Depot  
  149  12:06  Marine  
  158  12:09  SCV  
  158  12:14  SCV, Marine x3  
  158  12:15  Marine x2  
  165  12:21  SCV  
  165  12:22  SCV  
  167  12:26  SCV  
  152  12:52  SCV x2  
  152  12:53  SCV, Marine x5  
  152  12:54  Marine x3  
  152  12:55  Marauder x2  
  167  12:59  Terran Infantry Weapons Level 2  
  167  13:12  Marauder x2  
  171  13:16  Marauder  
  171  13:19  Marine x2  
  174  13:20  Marine x3  
  175  13:36  Missile Turret  
  175  13:50  SCV x3  
  175  13:52  Marine x4  
  175  13:53  Marine x3  
  175  13:54  Missile Turret  
  185  13:56  Missile Turret  
  185  14:06  Command Center  
  185  14:09  Concussive Shells  
  150  15:09  Starport  
  150  15:12  Marine x4  
  150  15:13  Marauder x3, Starport, Marine x3  
  150  15:14  Starport  
  163  15:16  Medivac x2  
  163  15:17  Starport  
  163  15:19  SCV x3  
  170  15:30  Marine x2  
  170  15:31  Marine x2  
Show
View Real Time Build Order
Export as new Build Order

XxDiabloxX Terran 

Build Orders:  

Get SALT Encoding   

  12  0:02  SCV  
  13  0:14  SCV  
  14  0:21  Supply Depot  
  14  0:26  SCV  
  15  0:43  SCV  
  15  0:44  Barracks  
  16  0:55  SCV  
  17  0:58  Refinery  
  17  1:07  SCV  
  18  1:19  SCV  
  19  1:39  Command Center  
  19  1:47  Barracks Tech Lab  
  19  1:51  Supply Depot  
  19  1:53  SCV  
  20  2:05  SCV, Marine  
  22  2:14  Factory  
  22  2:17  Orbital Command  
  22  2:23  Refinery  
  22  2:31  Marine  
  22  2:36  Supply Depot  
  23  2:44  SCV  
  24  2:52  SCV  
  25  3:18  Factory Tech Lab  
  25  3:32  Marine  
  27  3:48  SCV, Bunker  
  27  3:50  Marine  
  27  3:51  Siege Tank  
  31  4:00  SCV  
  32  4:08  Starport x2, Marine  
  33  4:12  SCV, Starport  
  34  4:23  Siege Tank  
  37  4:24  SCV  
  37  4:26  Marine  
  37  4:28  Engineering Bay  
  39  4:33  Supply Depot  
  39  4:37  Orbital Command  
  39  4:38  Refinery  
  39  4:41  Refinery  
  39  4:46  SCV  
  40  4:56  Supply Depot  
  40  4:58  SCV  
  41  5:13  SCV, Missile Turret  
  42  5:24  Missile Turret  
  42  5:25  SCV  
  42  5:28  SCV  
  44  5:30  Starport Tech Lab x3  
  44  5:37  SCV  
  44  5:40  SCV  
  44  5:41  Missile Turret  
  46  5:50  Missile Turret  
  46  5:56  Banshee x2  
  52  5:57  Banshee  
  52  5:58  Cloaking Field  
  55  6:07  Supply Depot  
  55  6:12  Supply Depot  
  55  6:19  Supply Depot  
  55  6:22  SCV  
  56  6:30  Supply Depot  
  56  6:35  Supply Depot  
  56  6:39  Banshee x2  
  62  6:40  Banshee  
  62  6:43  Siege Tank  
  68  6:57  SCV  
  69  7:07  Armory  
  69  7:08  Armory  
  69  7:09  SCV  
  70  7:21  SCV  
  70  7:22  Banshee x2  
  77  7:26  Banshee  
  80  7:41  Marine  
  81  7:58  Sensor Tower, Marine  
  81  8:05  Banshee x2  
  88  8:09  Banshee  
  91  8:16  Terran Ship Weapons Level 1  
  91  8:18  Terran Vehicle And Ship Armor Level 1  
  91  8:32  Missile Turret  
  62  9:33  SCV  
  63  9:45  SCV  
  64  9:49  Banshee x3  
  73  9:57  SCV  
  74  10:09  SCV  
  75  10:21  SCV  
  76  10:31  Banshee  
  76  10:32  Banshee x2  
  76  10:34  SCV  
  83  11:19  Banshee x2  
  83  11:20  Banshee  
  83  11:42  Siege Tank  
  86  11:59  Command Center  
  86  12:02  Banshee x2  
  92  12:11  Missile Turret  
  92  12:14  Missile Turret  
  92  12:23  Sensor Tower  
  92  12:27  Missile Turret  
  92  12:29  SCV  
  93  12:41  SCV  
  93  12:53  SCV  
  94  13:06  Banshee x2, SCV  
  94  13:07  Banshee  
  94  13:08  Siege Tank  
  107  13:36  Missile Turret  
  107  13:40  Siege Tank  
  110  14:26  Marine  
  90  14:44  Marine  
  87  15:01  Marine  
  87  15:05  Orbital Command  
Tags
 
Composition
MMM Bio
Matchup
TvT
Race
Terran
Add a new tag
Caveats
  • Supply blocks, unpowered buildings, or Contaminate may cause inaccurate times.
  • Supply counts are checked every 10 seconds.